 Dungeon Crawl Stone Soup version 0.28-a0-664-gc179e30c89 (webtiles) character file.

Game seed: 13877676166121726576

46 voltaire321 the Ducker (level 3, 0/28 HPs)
             Began as a Merfolk Gladiator on Oct 15, 2021.
             Slain by a goblin (3 damage)
             ... led by Robin
             ... on level 2 of the Dungeon.
             The game lasted 00:03:31 (1287 turns).

voltaire321 the Ducker (Merfolk Gladiator)          Turns: 1287, Time: 00:03:32

Health: 0/28       AC:  4    Str: 14    XL:     3   Next: 68%
Magic:  3/3        EV: 13    Int:  7    God:
Gold:   83         SH:  0    Dex: 16    Spells: 2/2 levels left

rFire   . . .      SeeInvis .   a - +0 rapier
rCold   . . .      Faith    .   (no shield)
rNeg    . . .      Spirit   .   b - +0 leather armour
rPois   .          Reflect  .   c - +0 helmet
rElec   .          Harm     .   (no cloak)
rCorr   .          Rampage  .   (no gloves)
Will    .....                   (no boots)
Stlth   ++........              (no amulet)
HPRegen 0.09/turn               (no ring)
MPRegen 0.08/turn               (no ring)

@: no status effects
A: (nimble swimmer 2), mertail
a: no special abilities


You were on level 2 of the Dungeon.
You visited 1 branch of the dungeon, and saw 2 of its levels.

You collected 83 gold pieces.

Inventory:

Hand Weapons
 a - a +0 rapier (weapon)
Missiles
 d - 3 throwing nets (quivered)
 f - 12 poisoned darts
Armour
 b - a +0 leather armour (worn)
 c - a +0 helmet (worn)
Jewellery
 i - a ring of flight
Scrolls
 e - 3 scrolls of noise {unknown}
 k - a scroll of magic mapping {unknown}
Potions
 g - a potion of degeneration {unknown}
 h - a potion of heal wounds {unknown}
 j - a potion of brilliance {unknown}


   Skills:
 + Level 2.8 Fighting
 + Level 4.1 Short Blades
 - Level 2.0 Throwing
 + Level 4.6 Dodging
 + Level 1.7 Stealth


You had 2 spell levels left.
You didn't know any spells.
Your spell library was empty.

Dungeon Overview and Level Annotations

Branches:
Dungeon (2/15)

Altars:

Annotations:
D:2 Robin


Innate Abilities, Weirdness & Mutations

((You are quick and stealthy near water. (Stealth+, EV+, Speed+++)))
Your lower body shifts to a powerful aquatic tail in water.


Message History

Robin throws the goblin at you! The goblin barely misses you.
You hit the goblin.
You kill the goblin!
Robin throws the goblin at you!
The goblin hits you with a +1 dagger of holy wrath.
The goblin hits you but does no damage.
Things that are here:
a +0 club; a goblin corpse Robin roars a battlecry!
The goblins go into a battle-frenzy!
The goblin hits you with a +1 dagger of holy wrath.
The goblin no longer looks unusually strong. x2
The goblin hits you with a +0 dagger.
The goblin no longer looks unusually strong.
Robin roars a battlecry!
The goblins go into a battle-frenzy!
You closely miss the goblin. The goblin hits you but does no damage.
You puncture the goblin!
You kill the goblin!
You hit the goblin.
You kill the goblin!
The hobgoblin no longer looks unusually strong.
You hit the goblin.
You kill the goblin!
Robin closely misses you.
You barely miss the hobgoblin.
Robin roars a battlecry!
The goblins go into a battle-frenzy!
The hobgoblin hits you.
You hit the hobgoblin.
You kill the hobgoblin!
Robin throws the goblin at you!
You closely miss the goblin. The goblin hits you with a +0 club.
* * * LOW HITPOINT WARNING * * *
The goblin barely misses you. Robin hits you but does no damage.
You closely miss the goblin. The goblin barely misses you.
The goblin hits you with a +0 club.
* * * LOW HITPOINT WARNING * * *
You miss the goblin. The goblin hits you with a +0 club.
You die...

####### ### ####
###...†.#########.. ...#
######....###.P..#P.P.###
$..######.....gg.#.....PP#....PPP
...##...#.....gg##.PP...P#...PP..
...............#@g.PPP...#..P...P
...........g..g#PP..P.P.P_.PPP..P
..g..........g.#PP.P.P..P#.P.PP..
..........gg....##...P.P.#.P.P.P.
...........g.....#P..P...#P.P...P
....†.............###P.P.#..P.###
........#.......#....#########...
........#[..............<........
...).....................#.......


You could see Robin and 4 goblins.

Vanquished Creatures
  An adder (D:2)
  2 endoplasms
  A giant cockroach (D:2)
  5 hobgoblins
  3 jackals (D:1)
  A quokka (D:1)
  3 ball pythons
  3 bats
  3 frilled lizards (D:1)
  7 goblins
  4 kobolds
  4 rats
37 creatures vanquished.

Vanquished Creatures (others)
  24 plants (D:2)
24 creatures vanquished.

Grand Total: 61 creatures vanquished

Notes
Turn   | Place    | Note
-------+----------+-------------------------------------------
     0 | D:1      | voltaire321 the Merfolk Gladiator began the quest for the
                  | Orb.
     0 | D:1      | Reached XP level 1. HP: 16/16 MP: 1/1
   352 | D:1      | Reached XP level 2. HP: 13/23 MP: 2/2
   360 | D:1      | Reached skill level 1 in Stealth
   937 | D:2      | Upgraded the game from 0.28-a0-662-g1651b1f1e0 to
                  | 0.28-a0-664-gc179e30c89
   959 | D:2      | Reached XP level 3. HP: 17/28 MP: 3/3
  1120 | D:2      | Found a faded altar of an unknown god.
  1257 | D:2      | Noticed Robin
  1287 | D:2      | Slain by a goblin

Illustrated notes

Levels and vault maps discovered:
D:1:      onia_arrival_pyramid, layout_basic
D:2:      wad_woods_pond, layout_basic, shapermc_ecumenical_altar_gd,
          uniq_natasha, uniq_robin, uniq_terence

Skill      XL: |  1  2 |
---------------+-------+-----
Stealth        | 1 |  1.7
Short Blades   | 4 |  4.1
Fighting       | |  2.8
Throwing       | |  2.0
Dodging        | |  4.6

Action                   || total
-------------------------++-------
Melee: Rapier            ||   107
 Stab: Sleeping          ||     2
Armor: Leather armour    ||    28
Dodge: Dodged            ||    89

Table legend: (Time is in decaauts)
 A = Elapsed time spent in this place.
 B = Non-inter-level travel time spent in this place.
 C = Inter-level travel time spent in this place.
 D = Time resting spent in this place.
 E = Time spent auto-exploring this place.
 F = Levels seen in this place.
 G = Mean time per level.
                   A        B        C        D        E       F      G
               +--------+--------+--------+--------+--------+-----+--------+
         Total |   1284 |   1259 |     25 |    138 |    810 |   2 |  642.0 |
       Dungeon |   1284 |   1259 |     25 |    138 |    810 |   2 |  642.0 |
               +--------+--------+--------+--------+--------+-----+--------+

Top non-repeatable levels by time:
     D:1: 934 daAuts
     D:2: 350 daAuts
